3A
YORK REVOLUTION @ BELLEVILLE BULLS
08/16/2020
 
TOP OF THE 1ST
York Revolution batting - Pitching for Belleville Bulls : RHP Theodore Wood
Pitching: RHP Theodore Wood
Batting: RHB Alfonso Enríquez 0-0: SINGLE (Groundball, 56D)
Batting: RHB Juan Castanedo 0-0: Ball
1-0: Foul Ball, location: 2F
1-1: Fielders Choice at 2nd, 6-4 (Groundball, 6)
Batting: RHB Tom Christensen 0-0: Ball
1-0: Swinging Strike
1-1: Ball
2-1: Ball
Juan Castanedo is caught stealing 2nd base
3-1: Called Strike
3-2: Base on Balls
Batting: RHB Sergio Ortíz 0-0: Ball
Wild Pitch!
Tom Christensen to second
1-0: SINGLE (Groundball, 56D)
Tom Christensen to third
Runner from 3rd tries for Home, SAFE, throw made home
Batting: RHB Gerry Bourke 0-0: Ball
1-0: Fly out, F6 (Popup, 6MD)
Top of the 1st over - 1 run(s), 2 hit(s), 0 error(s), 1 left on base; York 1 - Belleville 0
BOTTOM OF THE 1ST
Belleville Bulls batting - Pitching for York Revolution : LHP Glen Holland
Pitching: LHP Glen Holland
Batting: RHB Francisco Morales 0-0: Ball
1-0: Foul Ball, location: 2F
1-1: Ball
2-1: Foul Ball, location: 2F
2-2: Ground out 4-3 (Groundball, 4M)
Batting: RHB Héctor Rojas 0-0: Ball
1-0: SINGLE (Groundball, 56D)
Batting: RHB Felipe Gonzáles 0-0: Ball
1-0: Called Strike
1-1: Swinging Strike
1-2: Ball
2-2: Ground out 5-3 (Groundball, 5S)
Héctor Rojas to second
Batting: RHB Dirk Davis 0-0: Ball
1-0: Ground out 6-3 (Groundball, 6M)
Bottom of the 1st over - 0 run(s), 1 hit(s), 0 error(s), 1 left on base; York 1 - Belleville 0
TOP OF THE 2ND
York Revolution batting - Pitching for Belleville Bulls : RHP Theodore Wood
Batting: RHB Dale O'Sullivan 0-0: Ball
1-0: Swinging Strike
1-1: Fly out, F8 (Flyball, 8RM)
Batting: SHB Bernardo Hernández 0-0: Ball
1-0: Called Strike
1-1: Foul Ball, location: 2F
1-2: Foul Ball, location: 2F
1-2: Strikes out swinging
Batting: RHB Justin Roberts 0-0: Foul Ball, location: 2F
0-1: Ball
1-1: Ball
2-1: Ground out 5-3 (Groundball, 5S)
Top of the 2nd over - 0 run(s), 0 hit(s), 0 error(s), 0 left on base; York 1 - Belleville 0
BOTTOM OF THE 2ND
Belleville Bulls batting - Pitching for York Revolution : LHP Glen Holland
Batting: RHB Clarence Neal 0-0: Ball
1-0: Foul Ball, location: 2F
1-1: Called Strike
1-2: Ball
2-2: Ball
3-2: Foul Ball, location: 2F
3-2: Fly out, F4 (Line Drive, 4M)
Batting: RHB Jesús Soto 0-0: Called Strike
0-1: Ball
1-1: Called Strike
1-2: Strikes out looking
Pitching: RHP Héctor Rosado
Batting: LHB Forrest McCooke 0-0: Called Strike
0-1: Ball
1-1: Ball
2-1: Swinging Strike
2-2: SINGLE (Flyball, 56D)
Batting: RHB Ángel Rosa 0-0: Ball
1-0: Swinging Strike
1-1: Swinging Strike
1-2: Foul Ball, location: 2F
1-2: Foul Ball, location: 2F
1-2: SINGLE (Groundball, 6M)
Forrest McCooke to second
Batting: RHB José Icaza 0-0: Called Strike
0-1: Called Strike
0-2: Ball
1-2: Fly out, F7 (Flyball, 7D)
Bottom of the 2nd over - 0 run(s), 2 hit(s), 0 error(s), 2 left on base; York 1 - Belleville 0
TOP OF THE 3RD
York Revolution batting - Pitching for Belleville Bulls : RHP Theodore Wood
Batting: LHB Mike Cook 0-0: Ball
1-0: Swinging Strike
1-1: Foul Ball, location: 2F
1-2: Foul Ball, location: 2F
1-2: Foul Ball, location: 2F
1-2: Ground out 4-3 (Groundball, 4)
Batting: RHB Alfonso Enríquez 0-0: Fly out, F4 (Popup, 4MD)
Batting: RHB Juan Castanedo 0-0: Swinging Strike
0-1: Ball
1-1: Ball
2-1: Fly out, F2 (Popup, 23F)
Top of the 3rd over - 0 run(s), 0 hit(s), 0 error(s), 0 left on base; York 1 - Belleville 0
BOTTOM OF THE 3RD
Belleville Bulls batting - Pitching for York Revolution : RHP Héctor Rosado
Batting: RHB Francisco Morales 0-0: Fly out, F9 (Flyball, 89M)
Batting: RHB Héctor Rojas 0-0: Ground out U3 (Groundball, 3)
Batting: RHB Felipe Gonzáles 0-0: Ground out 5-3 (Groundball, 56)
Bottom of the 3rd over - 0 run(s), 0 hit(s), 0 error(s), 0 left on base; York 1 - Belleville 0
TOP OF THE 4TH
York Revolution batting - Pitching for Belleville Bulls : RHP Theodore Wood
Batting: RHB Tom Christensen 0-0: Ball
1-0: Ball
2-0: Called Strike
2-1: Ball
3-1: Fly out, F8 (Flyball, 8RM)
Batting: RHB Sergio Ortíz 0-0: Foul Ball, location: 2F
0-1: Ball
1-1: Ground out 4-3 (Groundball, 4)
Batting: RHB Gerry Bourke 0-0: Ground out 6-3 (Groundball, 6)
Top of the 4th over - 0 run(s), 0 hit(s), 0 error(s), 0 left on base; York 1 - Belleville 0
BOTTOM OF THE 4TH
Belleville Bulls batting - Pitching for York Revolution : RHP Héctor Rosado
Batting: RHB Dirk Davis 0-0: Swinging Strike
0-1: Called Strike
0-2: Foul Ball, location: 2F
0-2: Foul Ball, location: 2F
0-2: Ball
1-2: Ball
2-2: Strikes out swinging
Batting: RHB Clarence Neal 0-0: Fly out, F8 (Flyball, 78M)
Batting: RHB Jesús Soto 0-0: Fly out, F7 (Flyball, 78S)
Bottom of the 4th over - 0 run(s), 0 hit(s), 0 error(s), 0 left on base; York 1 - Belleville 0
TOP OF THE 5TH
York Revolution batting - Pitching for Belleville Bulls : RHP Theodore Wood
Batting: RHB Dale O'Sullivan 0-0: Ball
1-0: Ball
2-0: Ball
3-0: Base on Balls
Batting: SHB Bernardo Hernández 0-0: Ball
1-0: Bunted foul
1-1: Bunted foul
1-2: Fly out, F9 (Line Drive, 9M)
Batting: RHB Justin Roberts 0-0: Called Strike
0-1: Ball
1-1: Swinging Strike
1-2: Ball
2-2: Fielders Choice at 2nd, 1-6 (Groundball, 23)
Batting: LHB Mike Cook 0-0: Foul Ball, location: 2F
0-1: Ball
1-1: Fly out, F8 (Flyball, 8RM)
Top of the 5th over - 0 run(s), 0 hit(s), 0 error(s), 1 left on base; York 1 - Belleville 0
BOTTOM OF THE 5TH
Belleville Bulls batting - Pitching for York Revolution : RHP Héctor Rosado
Batting: LHB Forrest McCooke 0-0: Foul Ball, location: 2F
0-1: Foul Ball, location: 2F
0-2: Fly out, F6 (Popup, 56D)
Batting: RHB Ángel Rosa 0-0: Called Strike
0-1: DOUBLE (Line Drive, 78M)
Batting: RHB José Icaza 0-0: Swinging Strike
0-1: Swinging Strike
0-2: Ball
1-2: Foul Ball, location: 2F
1-2: Ball
2-2: Strikes out looking
Batting: RHB Francisco Morales 0-0: Foul Ball, location: 2F
0-1: Fly out, F8 (Flyball, 8LM)
Bottom of the 5th over - 0 run(s), 1 hit(s), 0 error(s), 1 left on base; York 1 - Belleville 0
TOP OF THE 6TH
York Revolution batting - Pitching for Belleville Bulls : RHP Theodore Wood
Batting: RHB Alfonso Enríquez 0-0: Swinging Strike
0-1: Ball
1-1: Called Strike
1-2: Foul Ball, location: 2F
1-2: Ball
2-2: Ball
3-2: Base on Balls
Batting: RHB Juan Castanedo 0-0: Sac Bunt - play at first, batter OUT! 2-4
Alfonso Enríquez to second
Batting: RHB Tom Christensen 0-0: Called Strike
0-1: Ball
Passed Ball!
Alfonso Enríquez to third
1-1: Ground out 4-3 (Groundball, 4)
Batting: RHB Sergio Ortíz 0-0: Fly out, F4 (Line Drive, 4)
Top of the 6th over - 0 run(s), 0 hit(s), 0 error(s), 1 left on base; York 1 - Belleville 0
BOTTOM OF THE 6TH
Belleville Bulls batting - Pitching for York Revolution : RHP Héctor Rosado
Batting: RHB Héctor Rojas 0-0: Foul Ball, location: 2F
0-1: Ball
1-1: Fly out, F9 (Line Drive, 9M)
Batting: RHB Felipe Gonzáles 0-0: Swinging Strike
0-1: Ball
1-1: Ball
2-1: Fly out, F3 (Popup, 3F)
Batting: RHB Dirk Davis 0-0: Called Strike
0-1: DOUBLE (Flyball, 8RXD)
Batting: RHB Clarence Neal 0-0: Ball
1-0: Foul Ball, location: 2F
1-1: Ball
2-1: Foul Ball, location: 2F
2-2: Fly out, F9 (Flyball, 89M)
Bottom of the 6th over - 0 run(s), 1 hit(s), 0 error(s), 1 left on base; York 1 - Belleville 0
TOP OF THE 7TH
York Revolution batting - Pitching for Belleville Bulls : RHP Theodore Wood
Batting: RHB Gerry Bourke 0-0: Foul Ball, location: 2F
0-1: Ball
1-1: Called Strike
1-2: Strikes out swinging
Batting: RHB Dale O'Sullivan 0-0: Ball
1-0: Foul Ball, location: 2F
1-1: Ball
2-1: Ball
3-1: Foul Ball, location: 2F
3-2: Base on Balls
Pinch Hitting: LHB Jim Unknown 0-0: Ball
1-0: Foul Ball, location: 2F
1-1: Ball
2-1: Swinging Strike
2-2: Strikes out swinging
Batting: RHB Justin Roberts 0-0: Ball
1-0: Fly out, F6 (Popup, 6MD)
Top of the 7th over - 0 run(s), 0 hit(s), 0 error(s), 1 left on base; York 1 - Belleville 0
BOTTOM OF THE 7TH
Belleville Bulls batting - Pitching for York Revolution : RHP Héctor Rosado
Now at SS: Ramón Martínez
Batting: RHB Jesús Soto 0-0: Fly out, F7 (Line Drive, 78M)
Batting: LHB Forrest McCooke 0-0: Called Strike
0-1: Swinging Strike
0-2: SINGLE (Flyball, 4D)
Pinch Hitting: LHB Jim Unknown 0-0: Called Strike
0-1: Ball
1-1: Ball
2-1: SINGLE (Line Drive, 6MD)
Forrest McCooke to second
Batting: RHB José Icaza 0-0: Ball
1-0: Ball
2-0: Fly out, F8 (Flyball, 8LXD)
Runner from 2nd tags up, SAFE at 3rd, no throw
Pinch Hitting: RHB Jim Unknown 0-0: Ball
1-0: Ball
2-0: Called Strike
2-1: Called Strike
2-2: Fly out, F3 (Popup, 3F)
Bottom of the 7th over - 0 run(s), 2 hit(s), 0 error(s), 2 left on base; York 1 - Belleville 0
TOP OF THE 8TH
York Revolution batting - Pitching for Belleville Bulls : RHP Theodore Wood
Now at 3B: Esteban De La Cruz
Now in CF: Jim Unknown
Batting: LHB Mike Cook 0-0: Ball
1-0: Called Strike
1-1: Ball
2-1: Ball
3-1: Base on Balls
Batting: RHB Alfonso Enríquez 0-0: Ball
1-0: Sac Bunt - play at first, batter safe!
Mike Cook to second
Batting: RHB Juan Castanedo 0-0: Ball
1-0: Bunted foul
1-1: Bunted foul
1-2: Fly out, F9 (Flyball, 9LMF)
Batting: RHB Tom Christensen 0-0: Reached on error, E5 (Groundball, 56S)
Mike Cook to third
Alfonso Enríquez to second
Batting: RHB Sergio Ortíz 0-0: Ball
1-0: Ball
2-0: Ball
3-0: Called Strike
3-1: Base on Balls
Mike Cook scores
Alfonso Enríquez to third
Tom Christensen to second
Pinch Hitting: RHB Jim Unknown 0-0: Ball
1-0: Called Strike
1-1: Foul Ball, location: 2F
1-2: Foul Ball, location: 2F
1-2: Ball
2-2: Foul Ball, location: 2F
2-2: Strikes out looking
Batting: RHB Dale O'Sullivan 0-0: Called Strike
0-1: Swinging Strike
0-2: Ball
Wild Pitch!
Alfonso Enríquez scores
Tom Christensen to third
Sergio Ortíz to second
1-2: Foul Ball, location: 2F
1-2: Strikes out swinging
Top of the 8th over - 2 run(s), 1 hit(s), 1 error(s), 2 left on base; York 3 - Belleville 0
BOTTOM OF THE 8TH
Belleville Bulls batting - Pitching for York Revolution : RHP Héctor Rosado
Now in LF: José Paz
Batting: RHB Héctor Rojas 0-0: Ball
1-0: Called Strike
1-1: Ball
2-1: Foul Ball, location: 2F
2-2: Strikes out looking
Batting: RHB Felipe Gonzáles 0-0: SINGLE (Groundball, 13) (infield hit)
Batting: RHB Dirk Davis 0-0: Ball
1-0: Reached on error, E5 (Groundball, 5L)
Felipe Gonzáles to second
Batting: RHB Clarence Neal 0-0: Swinging Strike
0-1: Ball
1-1: Called Strike
1-2: Ground out 4-3 (Groundball, 4M)
Felipe Gonzáles to third
Dirk Davis to second
Batting: RHB Jesús Soto 0-0: Ball
1-0: Called Strike
1-1: Ball
2-1: Ball
3-1: Fly out, F7 (Flyball, 7LDF)
Bottom of the 8th over - 0 run(s), 1 hit(s), 1 error(s), 2 left on base; York 3 - Belleville 0
TOP OF THE 9TH
York Revolution batting - Pitching for Belleville Bulls : RHP Theodore Wood
Batting: LHB Ramón Martínez 0-0: Swinging Strike
0-1: Ball
1-1: SINGLE (Flyball, 78S)
Batting: RHB Justin Roberts 0-0: Swinging Strike
0-1: Grounds into double play, 6-4-3 (Groundball, 6)
Batting: LHB Mike Cook 0-0: Called Strike
0-1: Foul Ball, location: 2F
0-2: Strikes out looking
Top of the 9th over - 0 run(s), 1 hit(s), 0 error(s), 0 left on base; York 3 - Belleville 0
BOTTOM OF THE 9TH
Belleville Bulls batting - Pitching for York Revolution : RHP Héctor Rosado
Pitching: RHP Alonso Cruz
Batting: LHB Forrest McCooke 0-0: Fly out, F7 (Line Drive, 7S)
Batting: LHB Jim Unknown 0-0: Ball
1-0: Swinging Strike
1-1: Ball
2-1: Ball
3-1: Fly out, F7 (Flyball, 7LM)
Batting: RHB José Icaza 0-0: Fly out, F9 (Popup, 9S)
Bottom of the 9th over - 0 run(s), 0 hit(s), 0 error(s), 0 left on base; York 3 - Belleville 0
This league is powered by Out of the Park Baseball, the baseball management simulation game for PC, Mac and Linux
Friday, October 23rd, 2015 - OOTP Baseball 16.9 Build 39